AoeStats
← Quadless

Arabia

503867135Analyzed
1v1 RM · 29d ago on Sep 2, 2026· 25m 11s· 2 players
Game mode
Random Map
Map size
Tiny (2 player)
Population
200
Speed
Normal
Resources
Standard
Victory
Conquest
Starting age
Dark Age
Ending age
Imperial Age
RankedLock teamsTeams togetherTeam positionsShared explorationLock speedFull tech treeHidden civsTurbo modeCheats
Victory
Defeat
🇦🇷 Burgundians · Argentina
626
+14
🇩🇪 Franks · Germany
589
-26
Quadless
12:01 Feudal Age
13:59 Double-Bit Axe
15:53 Loom
Jarl Goni
6:32 Loom
9:36 Feudal Age
10:17 Double-Bit Axe
11:13 Horse Collar
15:13 Forging
25:02 Castle Age
22:53 Arson
23:12 Scale Mail Armor
Connection lost

Rejoining the realm…

Still unreachable

The connection could not be restored.

Session expired

The server has moved on; the page needs a fresh start.